 Dungeon Crawl Stone Soup version 0.17-a0-2064-g265a032 (webtiles) character file.

227 Jackolantern the Magician (level 5, -1/28 HPs)
             Began as a Deep Elf Wizard on Oct 13, 2015.
             Was an Initiate of Ashenzari.
             Killed by divine providence
             ... invoked by an orc priest
              (14 damage)
             ... on level 4 of the Dungeon.
             The game lasted 00:18:21 (3534 turns).

Jackolantern the Magician (Deep Elf Wizard)         Turns: 3534, Time: 00:18:21

Health: -1/28      AC:  9    Str:  5    XL:     5   Next: 70%
Magic:  4/15       EV: 13    Int: 23    God:    Ashenzari [......]
Gold:   177        SH:  0    Dex: 13    Spells: 7 memorised, 1 level left

rFire  . . .     SeeInvis .     i - +4 short sword
rCold  . . .     Clarity  .     a - +0 robe
rNeg   . . .     SustAt   .     (no shield)
rPois  .         Gourm    .     b - +0 hat
rElec  .         Spirit   .     (no cloak)
rCorr  .         Warding  .     (no gloves)
rMut   .         Stasis   .     m - +1 pair of boots
MR     .....                    (no amulet)
Stlth  +++.......               (no ring)
                                (no ring)

@: not resistant to hostile enchantments, fairly stealthy
A: iridescent scales 1, mutation resistance 1, shaggy fur 1
a: Renounce Religion


You were on level 4 of the Dungeon.
You worshipped Ashenzari.
Ashenzari was noncommittal.
You were not hungry.

You visited 1 branch of the dungeon, and saw 5 of its levels.

You collected 177 gold pieces.

Inventory:

Hand Weapons
 i - a +4 short sword (weapon)
Armour
 a - a +0 robe (worn)
 b - a +0 hat (worn)
 m - a +1 pair of boots (worn)
Scrolls
 f - a scroll of random uselessness {unknown}
Potions
 e - a potion of brilliance
 h - a potion of lignification {unknown}
 j - a potion of might {unknown}
Books
 c - a book of Minor Magic

   Spells                             Type                      Level
   a - Magic Dart                     Conjuration                  1
   b - Blink                          Translocation                2
   c - Call Imp                       Summoning                    2
   d - Repel Missiles                 Charms/Air                   2
   e - Slow                           Hexes                        2
   f - Conjure Flame                  Conjuration/Fire             3
   g - Mephitic Cloud                 Conjuration/Poison/Air       3
 l - a book of Death

   Spells                             Type                      Level
   a - Corpse Rot                     Necromancy                   2
   b - Sublimation of Blood           Necromancy                   2
   c - Agony                          Necromancy                   5
   d - Dispel Undead                  Necromancy                   5
   e - Excruciating Wounds            Charms/Necromancy            5
   f - Bolt of Draining               Conjuration/Necromancy       5
Comestibles
 d - a bread ration
 g - a meat ration
 k - a royal jelly
 n - a beef jerky


   Skills:
 + Level 0.2 Short Blades
 - Level 3.0 Dodging
 - Level 4.2 Stealth
 + Level 6.2 Spellcasting
 + Level 1.9 Conjurations
 + Level 1.0 Hexes
 + Level 1.5 Charms
 + Level 1.5 Summonings
 + Level 1.8 Translocations
 + Level 0.9 Fire Magic
 + Level 0.6 Air Magic
 + Level 0.0 Poison Magic


You had one spell level left.
You knew the following spells:

 Your Spells              Type           Power        Failure   Level  Hunger
a - Magic Dart            Conj           ###.         3%          1    None
b - Blink                 Tloc           N/A          10%         2    None
c - Call Imp              Summ           ##......     10%         2    None
d - Repel Missiles        Chrm/Air       ##....       10%         2    None
e - Slow                  Hex            ##......     10%         2    None
f - Conjure Flame         Conj/Fire      ##......     14%         3    #......
g - Mephitic Cloud        Conj/Pois/Air  ##......     21%         3    #......


Dungeon Overview and Level Annotations

Branches:
Dungeon (5/15)
 Temple: D:4-7

Altars:
Ashenzari
Okawaru
Ru
Xom
Zin


Innate Abilities, Weirdness & Mutations

You are partially covered in iridescent scales (AC +4).
You are somewhat resistant to further mutation.
You are covered in fur (AC +1).


Message History

A beastly little devil appears in a puff of frigid air.
Your shadow imp disappears in a puff of smoke!
The angel launches into a lengthy speech about keeping your body clean and pure.
The orc priest calls down the wrath of Beogh upon you.
Something smites you!
Ouch! That really hurt!
Your white imp gestures at the orc priest.
The puff of frost hits the orc priest.
The orc priest dies!
You swap places.
Your crimson imp disappears in a puff of smoke!
You swap places.
Your crimson imp disappears in a puff of smoke!
An orc is nearby!
You swap places.
The orc priest shouts!
The orc priest calls down the wrath of Beogh upon you.
Something smites you!
Ouch! That really hurt!
You die...

######### ##.......##
#...._)...#
#########..#####..# ##
.......@#..#...#..## ##.
..o##.#.5..#[..#$..###..
.. #55..#...#.......#
... ###.)#####..####..
... #(ยง....o....# ##.
.# #.##........#####.
... #####.#....o..o #..<
#.#.####... ...# # #.
#....


You could see an orc priest, an orc, a friendly iron imp and 2 friendly white
imps.

Vanquished Creatures
  A giant frog zombie (D:5)
  A giant frog skeleton (D:5)
  A worker ant (D:4)
  2 adders (D:2)
  An ooze (D:3)
  2 worms
  5 giant geckos
  7 giant cockroaches
  9 hobgoblins
  7 jackals
  6 kobolds
  4 bats (D:1)
  A giant gecko skeleton (D:4)
  3 giant newts
  4 goblins
  8 rats
62 creatures vanquished.

Vanquished Creatures (collateral kills)
  A scorpion (D:5)
  2 orc priests
  A worm (D:2)
  3 orcs (D:3)
  A jackal (D:5)
  2 kobolds (D:2)
10 creatures vanquished.

Grand Total: 72 creatures vanquished

Notes
Turn   | Place    | Note
--------------------------------------------------------------
     0 | D:1      | Jackolantern the Deep Elf Wizard began the quest for the Orb.
     0 | D:1      | Reached XP level 1. HP: 10/10 MP: 7/7
   521 | D:1      | Reached XP level 2. HP: 15/15 MP: 4/9
   628 | D:1      | Reached skill level 5 in Spellcasting
   818 | D:1      | Reached XP level 3. HP: 16/19 MP: 1/11
  1170 | D:2      | Gained mutation: You are covered in fur (AC +1). [potion of mutation]
  1170 | D:2      | Gained mutation: You are somewhat resistant to further mutation. [potion of mutation]
  1170 | D:2      | Gained mutation: You are partially covered in iridescent scales (AC +4). [potion of mutation]
  1196 | D:2      | Found an iron altar of Okawaru.
  1389 | D:2      | Learned a level 2 spell: Blink
  1392 | D:2      | Learned a level 2 spell: Call Imp
  1395 | D:2      | Learned a level 2 spell: Repel Missiles
  1398 | D:2      | Learned a level 2 spell: Slow
  1402 | D:2      | Learned a level 3 spell: Conjure Flame
  1953 | D:2      | Reached XP level 4. HP: 24/24 MP: 7/13
  2383 | D:3      | Found a sacrificial altar of Ru.
  2534 | D:3      | Found a shattered altar of Ashenzari.
  2548 | D:3      | Became a worshipper of Ashenzari the Shackled
  2981 | D:3      | Reached skill level 6 in Spellcasting
  3206 | D:4      | Reached skill level 1 in Charms
  3211 | D:4      | Reached XP level 5. HP: 21/28 MP: 12/15
  3216 | D:4      | Noticed an ogre
  3240 | D:4      | Found a shimmering altar of Xom.
  3240 | D:4      | Found a glowing silver altar of Zin.
  3240 | D:4      | Noticed an angel
  3258 | D:5      | Entered Level 5 of the Dungeon
  3331 | D:5      | Reached skill level 1 in Hexes
  3462 | D:5      | Learned a level 3 spell: Mephitic Cloud
  3534 | D:4      | Killed from afar by an orc priest

Vault maps used:
D:1:      dpeg_arrival_pond
D:2:      minmay_kobold_bridge, okawaru_ov_weapons_minmay, serial_bayou_ford_a,
          st_stairs_1
D:3:      lemuel_doored_altar, nicolae_ru_path_of_blood
D:4:      grunt_temple_overflow_order_and_chaos_1
D:5:      serial_shops, nicolae_shop_crystal, first_bread, uniq_grinder,
          uniq_blork_the_orc, uniq_prince_ribbit1

Action                   |  1- 3 |  4- 6 || total
-------------------------+-------+-------++-------
Melee: Unarmed           |     9 |       ||     9
       Dagger            |    79 |    31 ||   110
       Short sword       |       |    36 ||    36
 Cast: Magic Dart        |    72 |    20 ||    92
       Call Imp          |     8 |    23 ||    31
       Conjure Flame     |     2 |     6 ||     8
  Use: Scroll            |     4 |     6 ||    10
       Potion            |     1 |     1 ||     2
 Stab: Distracted        |     1 |     1 ||     2
       Sleeping          |       |     5 ||     5
  Eat: Chunk             |     2 |     5 ||     7
       Bread ration      |       |     1 ||     1
